 Dungeon Crawl Stone Soup version 0.26-a0-812-g31a745ddcd (webtiles) character file.

Game seed: 3640095349714368202

1014 kae the Slasher (level 8, -7/70 HPs)
             Began as a Minotaur Fighter on Nov 25, 2020.
             Was an Initiate of Qazlal.
             Mangled by a wyvern (12 damage)
             ... on level 6 of the Dungeon.
             The game lasted 00:01:56 (4939 turns).

kae the Slasher (Minotaur Fighter)                  Turns: 4939, Time: 00:01:56

Health: -7/70      AC: 10    Str: 22    XL:     8   Next: 1%
Magic:  7/7        EV:  7    Int:  5    God:    Qazlal [......]
Gold:   309        SH: 10    Dex: 11    Spells: 7/7 levels left

rFire    . . .     SeeInvis .   a - +0 long sword
rCold    . . .     Faith    .   c - +0 kite shield
rNeg     . . .     Spirit   .   m - +0 chain mail
rPois    .         Reflect  .   (helmet restricted)
rElec    .         Harm     .   (no cloak)
rCorr    .         Rampage  .   (no gloves)
MR       .....                  (no boots)
Stlth    ..........             (no amulet)
HPRegen  0.21/turn              (no ring)
MPRegen  0.10/turn              (no ring)

@: no status effects
A: retaliatory headbutt, horns 2
a: Renounce Religion


You were on level 6 of the Dungeon.
You worshipped Qazlal.
Qazlal was noncommittal.
You visited 2 branches of the dungeon, and saw 7 of its levels.

You collected 309 gold pieces.

Inventory:

Hand Weapons
 a - a +0 long sword (weapon)
Armour
 b - a +0 scale mail
 c - a +0 kite shield (worn)
 m - a +0 chain mail (worn)
Jewellery
 k - a +6 ring of dexterity {unknown}
 p - an uncursed ring of poison resistance {unknown}
 q - an uncursed ring of resist corrosion {unknown}
Wands
 i - a wand of paralysis (5)
Scrolls
 e - a scroll of magic mapping
 f - 2 scrolls of teleportation
 g - 3 scrolls of remove curse
 j - a scroll of blinking
 o - a scroll of amnesia
Potions
 d - 2 potions of might
 h - 2 potions of curing
 l - a potion of resistance
 n - a potion of ambrosia
 r - a potion of heal wounds


   Skills:
 + Level 5.8 Fighting
 * Level 7.0 Long Blades
 + Level 5.9 Armour
 + Level 3.9 Dodging
 - Level 5.0 Shields
 + Level 1.3 Invocations


You had 7 spell levels left.
You didn't know any spells.
Your spell library was empty.

Dungeon Overview and Level Annotations

Branches:
Dungeon (6/15)             Temple (1/1) D:6

Altars:
Ashenzari
Cheibriados
Dithmenos
Elyvilon
Fedhas
Gozag
Hepliaklqana
Kikubaaqudgha
Makhleb
Nemelex Xobeh
Okawaru
Qazlal
Ru
Sif Muna
Uskayaw
Vehumet
Wu Jian
Xom
Yredelemnul
Zin
The Shining One


Innate Abilities, Weirdness & Mutations

You reflexively headbutt those who attack you in melee.
You have a pair of horns on your head.


Message History

The wyvern is lightly wounded.
You slash the wyvern!
The wyvern is heavily wounded.
The wyvern bites you!
* * * LOW HITPOINT WARNING * * *
The wyvern bites you.
* * * LOW HITPOINT WARNING * * *
You hit the wyvern but do no damage. You headbutt the wyvern.
The wyvern is severely wounded.
You block the wyvern's attack.
You barely miss the wyvern.
The wyvern is severely wounded.
The wyvern bites you but does no damage.
The wyvern completely misses you.
You hit the wyvern but do no damage.
The wyvern is severely wounded.
The wyvern bites you!
* * * LOW HITPOINT WARNING * * *
The wyvern bites you!
You die...

#......#...# #......#.#.
#......#...########.#.##
#......#........†...#...
#......#............####
#......#................
#......#...........####.
#......##............ ..
#............####.......
####...@.....# #.......
#..†l)....# #.......
#.........# #.........#
#.........# #.........#
######....# ....#


You could see a wyvern.

Vanquished Creatures
  5 ogres
  A bullfrog (D:6)
  A scorpion (D:6)
  3 orc priests (D:6)
  An orc wizard (D:4)
  A bullfrog skeleton (D:6)
  3 iguanas
  4 worker ants
  6 adders
  4 shadow imps
  An adder skeleton (D:5)
  2 dart slugs
  6 leopard geckos
  9 orcs
  2 ball pythons (D:2)
  9 bats
  5 giant cockroaches
  3 goblins
  4 hobgoblins
  8 jackals
  3 frilled lizards
  A giant cockroach zombie (D:5)
  6 kobolds
  A leopard gecko skeleton (D:4)
  A quokka skeleton (D:4)
  6 rats
96 creatures vanquished.

Notes
Turn   | Place    | Note
-------+----------+-------------------------------------------
     0 | D:1      | kae the Minotaur Fighter began the quest for the Orb.
     0 | D:1      | Reached XP level 1. HP: 19/19 MP: 0/0
   244 | D:1      | Reached XP level 2. HP: 27/27 MP: 1/1
   389 | D:1      | Reached skill level 3 in Long Blades
   617 | D:2      | Reached XP level 3. HP: 28/33 MP: 2/2
   618 | D:2      | Reached skill level 1 in Dodging
  1533 | D:3      | Reached XP level 4. HP: 29/40 MP: 3/3
  2250 | D:4      | Reached skill level 4 in Long Blades
  2312 | D:4      | Reached XP level 5. HP: 33/47 MP: 4/4
  2534 | D:4      | Noticed an ogre
  2545 | D:4      | Killed an ogre
  2545 | D:4      | Reached XP level 6. HP: 42/53 MP: 5/5
  3019 | D:5      | Entered Level 5 of the Dungeon
  3024 | D:5      | Reached skill level 5 in Long Blades
  3261 | D:5      | Reached skill level 5 in Armour
  3411 | D:5      | Reached skill level 5 in Fighting
  3411 | D:5      | Reached skill level 5 in Shields
  3463 | D:5      | Reached XP level 7. HP: 5/61 MP: 6/6
  3467 | D:5      | HP: 3/61 [poisoned by a worker ant]
  3473 | D:5      | HP: 2/61 [poisoned by a worker ant]
  3481 | D:5      | HP: 2/61 [poisoned by a worker ant]
  3781 | D:5      | Reached skill level 6 in Long Blades
  4238 | D:6      | Found a staircase to the Ecumenical Temple.
  4313 | Temple   | Entered the Ecumenical Temple
  4428 | Temple   | Became a worshipper of Qazlal Stormbringer
  4896 | D:6      | Reached skill level 1 in Invocations
  4927 | D:6      | Noticed a wyvern
  4934 | D:6      | Reached skill level 7 in Long Blades
  4934 | D:6      | Reached XP level 8. HP: 31/70 MP: 7/7
  4939 | D:6      | Mangled by a wyvern

Illustrated notes

Levels and vault maps discovered:
D:1:      mainiacjoe_arrival_reflecting_pool, layout_rooms, minivault_4,
          serial_bayou_ford_a
D:2:      layout_loops_corners, kennysheep_nondescript
D:3:      layout_rooms, hangedman_feature_mirror
D:4:      layout_cave_pools
D:5:      layout_loops_ring
D:6:      minmay_angry_zag, layout_basic, minmay_temple_entry_hall
Temple:   kilobyte_greek_temple

Skill      XL: |  1  2  3  4  5  6  7 |
---------------+----------------------+-----
Long Blades    | 3 4 5 7 |  7.0
Dodging        | 1 2 3 |  3.9
Fighting       | 4 5 |  5.8
Armour         | 4 5 |  5.9
Shields        | 4 5 |  5.0
Invocations    | 1 |  1.3

Action                   |  1- 3 |  4- 6 |  7- 9 || total
-------------------------+-------+-------+-------++-------
Melee: Long sword        |    78 |   120 |    52 ||   250
       Headbutt          |    14 |    20 |    14 ||    48
  Use: Scroll            |       |    11 |     3 ||    14
Armor: Scale mail        |    57 |     6 |       ||    63
       Chain mail        |       |    35 |    13 ||    48
Dodge: Dodged            |    44 |    32 |     9 ||    85
Block: Kite shield       |    56 |    57 |    20 ||   133
       Rpst.: Long sword |     9 |    11 |     6 ||    26

Table legend: (Time is in decaauts)
 A = Elapsed time spent in this place.
 B = Non-inter-level travel time spent in this place.
 C = Inter-level travel time spent in this place.
 D = Time resting spent in this place.
 E = Time spent auto-exploring this place.
 F = Levels seen in this place.
 G = Mean time per level.
                   A        B        C        D        E       F      G
               +--------+--------+--------+--------+--------+-----+--------+
         Total |   5019 |   4738 |    281 |     62 |   4063 |   7 |  717.0 |
       Dungeon |   4863 |   4621 |    242 |     62 |   3954 |   6 |  810.5 |
        Temple |    155 |    116 |     39 |      0 |    109 |   1 |  155.0 |
               +--------+--------+--------+--------+--------+-----+--------+

Top non-repeatable levels by time:
     D:5: 1178 daAuts
     D:2: 1081 daAuts
     D:4: 787 daAuts
     D:1: 632 daAuts
     D:6: 603 daAuts
     D:3: 581 daAuts
  Temple: 155 daAuts
